 Dungeon Crawl Stone Soup version 0.31-a0-486-g8d68a81214 (webtiles) character file.

Game seed: 1604944378761609843

981 AstroCodex24 the Chopper (level 7, -3/59 HPs)
             Began as a Demigod Fighter on Aug 7, 2023.
             Slain by a wight
             ... wielding a +0 great sword
              (15 damage)
             ... on level 5 of the Dungeon on Aug 8, 2023.
             The game lasted 00:25:18 (4110 turns).

AstroCodex24 the Chopper (Demigod Fighter)          Turns: 4110, Time: 00:25:19

Health: -3/59      AC: 12    Str: 23 (25) XL:     7   Next: 64%
Magic:  9/9        EV: 11    Int: 14      God:
Gold:   64         SH:  5    Dex: 12 (13) Spells: 6/6 levels left

rFire   . . .        a - +3 war axe
rCold   . . .        c - +1 buckler
rNeg    . . .        k - +5 ring mail of Shielding {Int+4}
rPois   .            (no helmet)
rElec   .            (no cloak)
rCorr   .            r - +0 pair of gloves
SInv    .            (no boots)
Will    .....        o - amulet of magic regeneration
Stlth   +            (no ring)
HPRegen 0.29/turn    (no ring)
MPRegen 0.51/turn

%: no passive effects
@: no status effects
A: high MP 1, forlorn, divine attributes
a: no special abilities


You were on level 5 of the Dungeon.
You visited 1 branch of the dungeon, and saw 7 of its levels.

You collected 247 gold pieces.
You spent 183 gold pieces at shops.

Inventory:

Hand Weapons
 a - a +3 war axe (weapon)
 l - a +2 dire flail of protection
Armour
 b - a +0 scale mail
 c - a +1 buckler (worn)
 k - the +5 ring mail of Shielding (worn) {Int+4}
   (You found it on level 4 of the Dungeon)

   Int:       It affects your intelligence (+4).
 r - a +0 pair of gloves (worn)
Jewellery
 o - an amulet of magic regeneration (around neck)
 v - an amulet of the acrobat
Wands
 f - a wand of mindburst (18)
Scrolls
 e - a scroll of immolation
 q - a scroll of fog
 s - a scroll of vulnerability
Potions
 h - a potion of invisibility
 i - 2 potions of magic
 m - 2 potions of lignification
 x - a potion of attraction
 z - a potion of brilliance


   Skills:
 + Level 4.2 Fighting
 + Level 5.7 Axes
 + Level 4.3 Armour
 + Level 2.3 Dodging
 + Level 1.1 Stealth
 + Level 3.8 Shields


You had 6 spell levels left.
You didn't know any spells.
Your spell library contained the following spells:

 Spells                   Type           Power      Damage    Failure   Level
 Apportation              Tloc           0%         N/A       47%         1
 Animate Dead             Necr           0%         N/A       99%         4
 Malign Gateway           Summ/Tloc      0%         N/A       100%        7
 Infestation              Necr           0%         N/A       100%        8


Dungeon Overview and Level Annotations

Branches:
Dungeon (7/15)             Temple (0/1) D:5

Shops:
D:2 *   D:7 ?


Innate Abilities, Weirdness & Mutations

You have an increased reservoir of magic. (+10% MP)
You shall have no god before yourself.
Your divine heritage dramatically boosts your attributes as you level up.


Message History

The ball of steam hits you! You block the wight's attack.
The steam dragon closely misses you.
The steam dragon claws you but does no damage.
The wight misses you. The steam dragon closely misses you.
The steam dragon barely misses you. You block the wight's attack.
You hit the steam dragon.
The steam dragon is lightly wounded.
You closely miss the wight.
The steam dragon bites you but does no damage.
The steam dragon claws you but does no damage.
The wight closely misses you.
You slash the steam dragon!
The steam dragon is heavily wounded.
You completely miss the wight. The steam dragon closely misses you.
The steam dragon claws you. The wight hits you but does no damage.
You slash the steam dragon!
The steam dragon is almost dead.
You closely miss the wight. The steam dragon closely misses you.
The steam dragon barely misses you. You block the wight's attack.
You barely miss the steam dragon.
The steam dragon is almost dead.
You barely miss the wight. The steam dragon breathes steam at you.
The ball of steam hits you! You block the wight's attack.
You block the steam dragon's attack.
The steam dragon claws you but does no damage.
The wight hits you with a +0 great sword.
You feel drained.
You slash the steam dragon!
You kill the steam dragon!
You barely miss the wight.
You are engulfed in a cloud of scalding steam.
The wight hits you with a +0 great sword.
* * * LOW HITPOINT WARNING * * *
You feel drained.
* * * LOW HITPOINT WARNING * * *
You feel your intelligence returning.
Your life force feels restored.
The wight hits you with a +0 great sword!
You die...

#..#.##.## ###....#..........
##...##.## ##.#.#..##......
##.####.## #.#.#...#......
##.####..# #........†.....
.......#.###########........#####
............................#####
########....#...###.........#.○..
###8####......)>§##.........#..○.
.8...8##......)z@.#.........#....
......##..........#.........#....
......>#..........##........#..☼○
......##.........##.........#....
.8...8##...##...###.....<...#....
**#8##*########## #.........#....
* ##* #.........#....
#.........#.... ##........#..°.


You could see a wight.

Vanquished Creatures
  A steam dragon (D:5)
  Edmund (D:4)
  3 black bears
  A scorpion (D:5)
  2 howler monkeys
  3 hounds
  A sleepcap (D:5)
  Ijyb (D:4)
  5 adders
  3 white imps
  2 ufetubi (D:4)
  2 worms
  6 dart slugs
  7 orcs
  11 endoplasms
  A giant cockroach (D:1)
  10 goblins
  6 hobgoblins
  6 jackals
  6 quokkas
  7 ball pythons
  3 bats (D:1)
  6 frilled lizards
  6 kobolds
  8 rats
108 creatures vanquished.

Notes
Turn   | Place    | Note
-------+----------+-------------------------------------------
     0 | D:1      | AstroCodex24 the Demigod Fighter began the quest for the
                  | Orb.
     0 | D:1      | Reached XP level 1. HP: 18/18 MP: 3/3
   147 | D:1      | Reached XP level 2. HP: 25/25 MP: 4/4
   204 | D:1      | Reached skill level 2 in Axes
   409 | D:1      | Reached XP level 3. HP: 31/31 MP: 5/5
   912 | D:2      | Reached skill level 1 in Dodging
  1234 | D:2      | Got Tudghorph's Compilation of Last Rites and Portals
  1251 | D:2      | Found Coguhu's Assorted Antiques.
  1256 | D:2      | Bought a scroll labelled CAPPEF OTANIKHLUFFO for 28 gold
                  | pieces
  1256 | D:2      | Bought a metallic yellow potion for 25 gold pieces
  1467 | D:2      | Bought a brown potion for 25 gold pieces
  1567 | D:3      | Reached XP level 4. HP: 33/38 MP: 6/6
  1813 | D:3      | Reached skill level 3 in Axes
  2114 | D:4      | Noticed a black bear
  2127 | D:4      | Killed a black bear
  2128 | D:4      | Reached XP level 5. HP: 11/45 MP: 7/7
  2319 | D:4      | Identified the +5 ring mail of Shielding {Int+4}
  2345 | D:4      | Noticed Edmund
  2360 | D:4      | Killed Edmund
  2361 | D:4      | Reached skill level 4 in Axes
  2361 | D:4      | Reached XP level 6. HP: 6/51 MP: 8/8
  2780 | D:4      | Noticed Ijyb
  2832 | D:4      | Killed Ijyb
  3261 | D:4      | You fall into a shaft and drop 3 floors!
  3280 | D:7      | Found Xuosum's Magic Scroll Emporium.
  3290 | D:7      | Bought a scroll of enchant weapon for 105 gold pieces
  3306 | D:6      | Noticed a steam dragon
  3308 | D:5      | Entered Level 5 of the Dungeon
  3343 | D:5      | Reached skill level 5 in Axes
  3352 | D:5      | Reached XP level 7. HP: 46/58 MP: 9/9
  3418 | D:5      | Found a staircase to the Ecumenical Temple.
  4057 | D:5      | Reached skill level 1 in Stealth
  4109 | D:5      | Killed a steam dragon
  4110 | D:5      | Slain by a wight

Illustrated notes

Levels and vault maps discovered:
D:1:      saegor_arrival_simple_c, layout_basic, minmay_nonomino_d4
D:2:      layout_basic, serial_shops, nicolae_diamond_shop
D:3:      layout_rooms
D:4:      layout_basic, kennysheep_generic_room_13, uniq_edmund, uniq_ijyb
D:5:      layout_rooms, gammafunk_temple_overflow_statue,
          nicolae_overflow_hidden_temple, mainiacjoe_overflow_surrounded_room,
          lemuel_temple_firewalk_b, kennysheep_doodads,
          chequers_serial_rivers_micro_b
D:6:      layout_loops_ring, zin_angel, nemelex_spade_bored_becter,
          serial_shops, shop, nicolae_ossuary_entry_catacombs
D:7:      layout_loops_ring, nicolae_stop_n_shop_2, minivault_22,
          uniq_crazy_yiuf_cottage

Skill      XL: |  1  2  3  4  5  6  7 |
---------------+----------------------+-----
Axes           | 2 3 4 5 |  5.7
Fighting       | 3 4 |  4.2
Armour         | 3 4 |  4.3
Shields        | 3 |  3.8
Dodging        | 1 2 |  2.3
Stealth        | 1 |  1.1

Action                     |  1- 3 |  4- 6 |  7- 9 || total
---------------------------+-------+-------+-------++-------
  Melee: War axe           |   130 |   154 |    37 ||   321
    Use: Potion            |       |    16 |     1 ||    17
         Scroll            |       |    10 |     8 ||    18
   Stab: Invisible         |       |     2 |       ||     2
 Armour: Scale mail        |    84 |    36 |       ||   120
         Ring mail         |       |    56 |    28 ||    84
  Dodge: Dodged            |    87 |   122 |    25 ||   234
  Block: Buckler           |    35 |    51 |    27 ||   113

Table legend: (Time is in decaauts)
 A = Elapsed time spent in this place.
 B = Non-inter-level travel time spent in this place.
 C = Inter-level travel time spent in this place.
 D = Time resting spent in this place.
 E = Time spent auto-exploring this place.
 F = Levels seen in this place.
 G = Mean time per level.
                   A        B        C        D        E       F      G
               +--------+--------+--------+--------+--------+-----+--------+
         Total |   4236 |   3912 |    324 |      0 |      0 |   7 |  605.1 |
       Dungeon |   4236 |   3912 |    324 |      0 |      0 |   7 |  605.1 |
               +--------+--------+--------+--------+--------+-----+--------+

Top non-repeatable levels by time:
     D:4: 1255 daAuts
     D:1: 928 daAuts
     D:5: 812 daAuts
     D:2: 633 daAuts
     D:3: 555 daAuts
     D:7: 36 daAuts
     D:6: 15 daAuts
